 Dungeon Crawl Stone Soup version 0.29-a0-352-g0917bc69df (webtiles) character file.

Game seed: 8142195712317706701

26285 spaghetti the Summoner (level 13, -6/99 HPs)
             Began as a Gnoll Wanderer on Apr 24, 2022.
             Was the Champion of Cheibriados.
             Mangled by an enormous slime creature (68 damage)
             ... on level 14 of the Dungeon.
             The game lasted 00:37:19 (19604 turns).

spaghetti the Summoner (Gnoll Wanderer)            Turns: 19604, Time: 00:37:19

Health: -6/99      AC: 28    Str: 30    XL:     13   Next: 25%
Magic:  14/25      EV: 12    Int: 34    God:    Cheibriados [******]
Gold:   1641       SH: 13    Dex: 25    Spells: 18/29 levels left

rFire   . . .      SeeInvis .   s - +4 demon trident (elec) {polearm}
rCold   . . .      Faith    .   N - +0 kite shield
rNeg    . . .      Spirit   .   d - +0 plate armour
rPois   .          Reflect  .   E - +2 helmet
rElec   .          Harm     .   Q - +0 cloak
rCorr   .          Rampage  .   F - +1 pair of gloves
Will    .....                   t - +2 pair of boots
Stlth   ..........              (no amulet)
HPRegen 0.26/turn               j - ring "Sotsior" {AC+4 Int+2}
MPRegen 0.19/turn               (no ring)

@: very slow
A: fangs 1, strong nose, distributed training, strong 1, MP-powered wands
a: Renounce Religion, Bend Time, Temporal Distortion, Slouch, Step From Time


You were on level 14 of the Dungeon.
You worshipped Cheibriados.
Cheibriados was exalted by your worship.
You visited 1 branch of the dungeon, and saw 14 of its levels.
You also visited: Sewer.

You collected 1641 gold pieces.


Innate Abilities, Weirdness & Mutations

You have very sharp teeth.
Your uncanny sense of smell can sniff out nearby items.
Your experience applies equally to all skills.
Your muscles are strong. (Str +2)
You expend magic power (3 MP) to strengthen your wands.


   Skills:
 + Level 8.5 Fighting
 + Level 8.1 Short Blades
 + Level 8.1 Long Blades
 + Level 8.5 Axes
 + Level 8.1 Maces & Flails
 + Level 8.1 Polearms
 + Level 8.1 Staves
 + Level 8.1 Slings
 + Level 8.1 Bows
 + Level 8.1 Crossbows
 + Level 9.4 Throwing
 + Level 8.5 Armour
 + Level 8.1 Dodging
 + Level 8.1 Stealth
 + Level 8.1 Shields
 + Level 8.1 Unarmed Combat
 + Level 8.6 Spellcasting
 + Level 6.7 Conjurations
 + Level 6.7 Hexes
 + Level 9.9 Summonings
 + Level 6.7 Necromancy
 + Level 6.7 Translocations
 + Level 6.7 Transmutations
 + Level 6.7 Fire Magic
 + Level 6.7 Ice Magic
 + Level 6.7 Air Magic
 + Level 6.7 Earth Magic
 + Level 6.7 Poison Magic
 + Level 8.9 Invocations
 + Level 8.1 Evocations


You had 18 spell levels left.
You knew the following spells:

 Your Spells              Type           Power      Damage    Failure   Level
a - Summon Small Mammal   Summ           100%       N/A       1%          1
b - Call Imp              Summ           70%        N/A       1%          2
c - Animate Armour        Summ/Erth      100%       N/A       19%         4
d - Passage of Golubria   Tloc           57%        N/A       36%         4

Your spell library contained the following spells:

 Spells                   Type           Power      Damage    Failure   Level
 Gell's Gravitas          Tloc           57%        N/A       11%         3
 Teleport Other           Tloc           57%        N/A       11%         3
 Silence                  Hex/Air        28%        N/A       71%         5
 Dispersal                Tloc           28%        N/A       99%         6
 Lehudib's Crystal Spear  Conj/Erth      28%        10d8      100%        8

Inventory:

Hand Weapons
 s - a +4 demon trident of electrocution (weapon) {polearm}
   (You took it off Urug on level 10 of the Dungeon)
 M - a +4 broad axe of protection {axe}
   (You took it off a death knight on level 13 of the Dungeon)
Missiles
 b - 45 poisoned darts {throwing}
 c - 4 javelins {throwing}
 i - 442 stones (quivered) {throwing}
 k - a curare-tipped dart {=fthrowing}
 o - 19 boomerangs {throwing}
 S - a throwing net {=f!fthrowing}
 V - 6 silver boomerangs {throwing}
 X - 5 boomerangs of dispersal {=f!fthrowing}
Armour
 d - a +0 plate armour (worn)
   (You found it on level 1 of the Dungeon)
 t - a +2 pair of boots (worn)
   (You found it on level 5 of the Dungeon)
 E - a +2 helmet (worn)
   (You took it off Robin on level 4 of the Dungeon)
 F - a +1 pair of gloves (worn)
   (You found it on level 1 of the Dungeon)
 N - a +0 kite shield (worn)
   (You took it off a tengu warrior on level 13 of the Dungeon)
 Q - a +0 cloak (worn)
   (You found it on level 6 of the Dungeon)
Magical Staves
 l - a staff of earth {!astaff}
   (You found it on level 2 of the Dungeon)
 D - a staff of poison {!astaff}
   (You found it on level 4 of the Dungeon)
Jewellery
 f - a ring of resist corrosion
   (You found it on level 11 of the Dungeon)
 j - the ring "Sotsior" (left hand) {AC+4 Int+2}
   (You acquired it on level 8 of the Dungeon)

   [ring of protection]

   AC:        It affects your AC (+4).
   Int:       It affects your intelligence (+2).
 G - a ring of positive energy
   (You found it on level 5 of the Dungeon)
Wands
 H - a wand of flame (34)
   (You found it on level 5 of the Dungeon)
 J - a wand of digging (3)
   (You took it off a death knight on level 13 of the Dungeon)
 O - a wand of mindburst (4)
   (You found it on level 6 of the Dungeon)
 P - a wand of iceblast (13)
   (You found it on level 6 of the Dungeon)
 R - a wand of paralysis (16)
   (You found it on level 6 of the Dungeon)
 W - a wand of polymorph (2)
   (You found it on level 8 of the Dungeon)
 Y - a wand of acid (4)
   (You found it on level 8 of the Dungeon)
Scrolls
 a - 2 scrolls of identify {@r1}
 e - 3 scrolls of fog
 g - 4 scrolls of fear
 h - 5 scrolls of teleportation {@r4}
 m - 3 scrolls of magic mapping {!r}
 y - a scroll of vulnerability {unknown}
 C - 4 scrolls of immolation {!r!r}
 U - a scroll of summoning
 Z - a scroll of silence {!r}
Potions
 n - 2 potions of might
 p - 8 potions of curing {@q1}
 q - 2 potions of flight
 r - 6 potions of brilliance
 v - a potion of magic
 w - a potion of haste {forbidden@q3}
 x - 3 potions of mutation {!q}
 z - 3 potions of heal wounds {@q2}
 A - a potion of ambrosia
 B - 2 potions of degeneration {!q@e2}
 I - 5 potions of lignification {!q}
 L - a potion of invisibility
 T - 2 potions of attraction {!q}
Miscellaneous
 u - a box of beasts
   (You found it on level 13 of the Dungeon)

Dungeon Overview and Level Annotations

Branches:
Dungeon (14/15)            Temple (0/1) D:5             Orc (0/2) D:10
 Vaults (0/5) D:13          Sewer (visited)
   Lair: D:8-11

Altars:
Cheibriados
Kikubaaqudgha
Makhleb
Sif Muna
Trog
Vehumet
Xom
Zin

Shops:
D:2 ?   D:5 =   D:12 *

Annotations:
D:4 Natasha
D:11 2 transporters, quinnr's ghost, journeyman TeAE
D:13 exclusions: 4 tormentors and 1 more exclusion

.... .... #... #...
∆...# #... #..# #..#
#... #..# #..# #... #..#
#..# #... #..# #..#
####... #..# #..#
..c.g.J###..####..######
.cc..g5@................
.......r................
.......[......#######...
.###..........#######...
.....................<
.......................
........................
########################


You could see an enormous slime creature (ally target), a centaur warrior
(summoned), 2 centaurs, 2 boggarts, a friendly animated plate armour (summoned),
a friendly white imp (summoned) and a friendly rat (summoned).


Message History

K - a scroll of brand weapon
There is a shaft here.
Key pressed, stopping explore.
There is an open door here.
You see here a +0 rapier {short}.
There is a stone staircase leading down here.
Things that are here:
a +2 great mace {mace}; a +0 plate armour; a +0 long sword {long} You see here a +0 halberd {polearm}.
Partly explored, can't reach some items and places.
As you read the scroll of brand weapon, it crumbles to dust.
Your +4 broad axe of venom {axe} projects an invisible shield of force!
M - a +4 broad axe of protection {axe} Partly explored, can't reach some items and places.
Partly explored, can't reach some items and places.
Partly explored, can't reach some items and places.
Partly explored, can't reach some items and places.
(D) Dungeon (T) Temple (O) Orcish Mines (V) Vaults
Where to? (Enter - D:13 @ (x,y), ? - help)
There is a stone staircase leading down here.
You climb downwards.
There is a stone staircase leading up here.
Key pressed, stopping explore. 2 slime creatures come into view.
The slime creature quivers. x2
There are monsters nearby!
There are monsters nearby!
Casting: Animate Armour (dangerous; 19% risk of failure)
Confirm with . or Enter, or press ? or * to list all spells.
A slime creature comes into view. 😎 MP[-4]
You lost 4 mp, and now have 21/25 mp.
Casting: Animate Armour (dangerous; 19% risk of failure)
Confirm with . or Enter, or press ? or * to list all spells.
A beastly little devil appears in a puff of frigid air.
The slime creature quivers.
A slime creature comes into view. 😎 MP[-2]
You lost 2 mp, and now have 19/25 mp.
Casting: Call Imp (safe; 1% risk of failure)
Confirm with . or Enter, or press ? or * to list all spells.
The slime creature quivers.
Two slime creatures merge to form a large slime creature. 😎 MP[-1]
You lost 1 mp, and now have 18/25 mp.
Casting: Summon Small Mammal (safe; 1% risk of failure)
Confirm with . or Enter, or press ? or * to list all spells.
A boggart comes into view.
You block the large slime creature's attack.
Your white imp barely misses the large slime creature. 😎 MP[-1]
You lost 1 mp, and now have 17/25 mp.
You barely miss the large slime creature.
Your white imp hits the large slime creature but does no damage.
The large slime creature hits you but does no damage.
An arrow appears from out of your range of vision.
The arrow closely misses your white imp.
You hear a shout!
You puncture the large slime creature! You bite the large slime creature.
An arrow appears from out of your range of vision.
The arrow barely misses your white imp. The large slime creature misses you.
Your white imp gestures at the large slime creature.
The puff of frost hits the large slime creature. 😎 MP[+1]
You barely miss the large slime creature.
The boggart casts a spell.
Send 'em back where they came from!
Your quokka shudders.
Your animated plate armour shudders.
Your white imp shudders.
Your rat shudders.
A boggart comes into view.
Your white imp hits the large slime creature but does no damage.
Two slime creatures merge to form a very large slime creature.
You impale the very large slime creature!!
The centaur warrior shoots an arrow.
The arrow hits your animated plate armour!!
The centaur warrior shoots an arrow.
The arrow hits your animated plate armour!!
Two slime creatures merge to form an enormous slime creature.
Your white imp hits the enormous slime creature.
Your white imp freezes the enormous slime creature.
You hit the enormous slime creature.
Lightning courses through the enormous slime creature!
The boggart hits your animated plate armour.
Your animated plate armour is destroyed!
Your animated plate armour disappears in a puff of smoke!
Your white imp hits the enormous slime creature.
Your white imp freezes the enormous slime creature.
The enormous slime creature hits you!!!
The centaur warrior shoots an arrow.
The arrow hits your quokka!
Your quokka dies!
Your quokka's corpse disappears in a puff of smoke! 😮 HP[-38]
You take 38 damage, and now have 61/99 hp.
MASSIVE DAMAGE!! (PAUSE) Unknown command.
Casting: Summon Small Mammal (safe; 1% risk of failure)
Confirm with . or Enter, or press ? or * to list all spells.
The enormous slime creature hits you!!!
Ouch! That really hurt!
You die...

Skill      XL: |  1  2  3  4  5  6  7  8  9 10 11 12 13 |
---------------+----------------------------------------+-----
Invocations    | 1 2 3 4 5 6 7 8 |  8.9
Short Blades   | 1 2 3 4 5 6 7 8 |  8.1
Long Blades    | 1 2 3 4 5 6 7 8 |  8.1
Maces & Flails | 1 2 3 4 5 6 7 8 |  8.1
Polearms       | 1 2 3 4 5 6 7 8 |  8.1
Staves         | 1 2 3 4 5 6 7 8 |  8.1
Slings         | 1 2 3 4 5 6 7 8 |  8.1
Bows           | 1 2 3 4 5 6 7 8 |  8.1
Crossbows      | 1 2 3 4 5 6 7 8 |  8.1
Dodging        | 1 2 3 4 5 6 7 8 |  8.1
Stealth        | 1 2 3 4 5 6 7 8 |  8.1
Shields        | 1 2 3 4 5 6 7 8 |  8.1
Unarmed Combat | 1 2 3 4 5 6 7 8 |  8.1
Evocations     | 1 2 3 4 5 6 7 8 |  8.1
Spellcasting   | 3 4 5 6 7 8 |  8.6
Conjurations   | 1 2 3 4 5 6 |  6.7
Hexes          | 1 2 3 4 5 6 |  6.7
Necromancy     | 1 2 3 4 5 6 |  6.7
Translocations | 1 2 3 4 5 6 |  6.7
Transmutations | 1 2 3 4 5 6 |  6.7
Fire Magic     | 1 2 3 4 5 6 |  6.7
Ice Magic      | 1 2 3 4 5 6 |  6.7
Air Magic      | 1 2 3 4 5 6 |  6.7
Earth Magic    | 1 2 3 4 5 6 |  6.7
Poison Magic   | 1 2 3 4 5 6 |  6.7
Fighting       | 3 4 5 6 7 8 |  8.5
Axes           | 3 4 5 6 7 8 |  8.5
Armour         | 3 4 5 6 7 8 |  8.5
Throwing       | 5 6 7 8 9 |  9.4
Summonings     | 8 9 |  9.9

Action                   |  1- 3 |  4- 6 |  7- 9 | 10-12 | 13-15 || total
-------------------------+-------+-------+-------+-------+-------++-------
Melee: Hand axe          |    45 |     1 |       |       |       ||    46
       Bite              |     7 |    12 |    39 |    38 |     5 ||   101
       Staff             |       |    30 |       |       |       ||    30
       Spear             |       |   157 |   332 |   128 |       ||   617
       Punch             |       |     1 |     7 |    19 |     2 ||    29
       Dagger            |       |       |       |    19 |       ||    19
       Demon trident     |       |       |       |   244 |    39 ||   283
Throw: Dart              |       |       |       |    14 |       ||    14
       Boomerang         |       |       |       |     6 |       ||     6
 Cast: Summon Small Mamm |    28 |    13 |    12 |    18 |     5 ||    76
       Call Imp          |    11 |    17 |    14 |    26 |     4 ||    72
       Animate Armour    |       |    14 |    10 |    42 |     9 ||    75
       Passage of Golubr |       |       |     3 |     7 |       ||    10
Invok: Bend Time         |       |       |     1 |       |       ||     1
       Temporal Distorti |       |       |       |     1 |       ||     1
Evoke: Wand              |       |       |       |     6 |       ||     6
  Use: Potion            |     2 |     4 |     3 |     4 |       ||    13
       Scroll            |       |       |     7 |    21 |     3 ||    31
 Stab: Distracted        |     1 |       |     1 |     2 |       ||     4
       Sleeping          |     1 |     1 |     5 |       |       ||     7
       Invisible         |       |       |     2 |       |       ||     2
Armor: Robe              |    10 |    46 |     9 |       |       ||    65
       Plate armour      |       |       |    95 |   388 |    42 ||   525
       Steam dragon scal |       |       |    61 |       |       ||    61
Dodge: Dodged            |    48 |   128 |   158 |   259 |    18 ||   611
Block: Buckler           |       |       |       |       |     3 ||     3
       Kite shield       |       |       |       |       |     1 ||     1

Levels and vault maps discovered:
D:1:      onia_arrival_mini_spirals, layout_loops_corners,
          shapermc_ecumenical_altar_petra
D:2:      layout_basic, serial_shops, shop, kennysheep_potato, uniq_jessica
D:3:      layout_basic, slow_altar_2
D:4:      layout_loops_ring, nicolae_overflow_hidden_temple,
          gup_sewer_entry_bowl, hex_tiny, uniq_natasha, uniq_robin
D:5:      layout_loops_corners, mainiacjoe_overflow_divided_tiny,
          makhleb_altar_promises_db, minmay_temple_entry_slanted, serial_shops,
          shop, minmay_crystal_room, minmay_misc_feat_roman,
          hangedman_feature_mirror, chequers_serial_rivers_micro_b
D:6:      layout_rooms, hangedman_decor_riveting, uniq_maggie, uniq_grinder,
          uniq_sigmund
D:7:      layout_rooms, mainiacjoe_overflow_alcove_1, minmay_misc_feat_alley
D:8:      cheibrodos_barr_body, layout_layer_cave, eino_jars
D:9:      layout_cave_pools, nicolae_sif_muna_condensation, lair_entry_dummy,
          enter_bailey_5, serial_ice, serial_ice_f, serial_ice_d, serial_ice_m,
          serial_ice_k, serial_ice_c, serial_ice_b
D:10:     layout_basic, erik_orc_3, uniq_urug, uniq_lodul
D:11:     layout_irregular_city, gammafunk_ghost_smash, zin_statuary
D:12:     layout_cave_pools, nicolae_shop_sticking_my_neck_out, uniq_fannar
D:13:     cheibrodos_tormentor_scu, layout_basic, david_vaults_5
D:14:     layout_small_grid, fedhas_altar_1, nicolae_ru_the_path_less_chosen

Notes
Turn   | Place    | Note
-------+----------+-------------------------------------------
     0 | D:1      | spaghetti the Gnoll Wanderer began the quest for the Orb.
     0 | D:1      | spaghetti set off with the following items: a +0 hand axe
                  | {axe}, 8 poisoned darts {throwing}, a +0 dagger {short}, a
                  | potion of berserk rage {!q}, a +0 robe; and the following
                  | spell memorised: Summon Small Mammal; and the following
                  | spells available to memorise: Call Imp, Animate Armour
     0 | D:1      | Reached XP level 1. HP: 17/17 MP: 4/4
     0 | D:1      | magus.rc [v1.9.6]
   453 | D:1      | Reached XP level 2. HP: 23/23 MP: 2/5
   510 | D:1      | Learned a level 2 spell: Call Imp
   759 | D:1      | HP: 1/23 [gnoll/+0 flail (11)]
   763 | D:1      | Reached XP level 3. HP: 2/28 MP: 1/7
  1648 | D:1      | Reached skill level 1 in Invocations
  1803 | D:1      | Found a faded altar of an unknown god.
  2058 | D:2      | Reached skill level 1 in Short Blades
  2058 | D:2      | Reached skill level 1 in Long Blades
  2058 | D:2      | Reached skill level 1 in Maces & Flails
  2058 | D:2      | Reached skill level 1 in Polearms
  2058 | D:2      | Reached skill level 1 in Staves
  2058 | D:2      | Reached skill level 1 in Slings
  2058 | D:2      | Reached skill level 1 in Bows
  2058 | D:2      | Reached skill level 1 in Crossbows
  2058 | D:2      | Reached skill level 1 in Dodging
  2058 | D:2      | Reached skill level 1 in Stealth
  2058 | D:2      | Reached skill level 1 in Shields
  2058 | D:2      | Reached skill level 1 in Unarmed Combat
  2058 | D:2      | Reached skill level 1 in Evocations
  2215 | D:2      | Noticed Jessica
  2220 | D:2      | Killed Jessica
  2221 | D:2      | Reached skill level 3 in Spellcasting
  2221 | D:2      | Reached XP level 4. HP: 34/34 MP: 5/8
  2225 | D:2      | Reached skill level 1 in Conjurations
  2225 | D:2      | Reached skill level 1 in Hexes
  2225 | D:2      | Reached skill level 1 in Necromancy
  2225 | D:2      | Reached skill level 1 in Translocations
  2225 | D:2      | Reached skill level 1 in Transmutations
  2225 | D:2      | Reached skill level 1 in Fire Magic
  2225 | D:2      | Reached skill level 1 in Ice Magic
  2225 | D:2      | Reached skill level 1 in Air Magic
  2225 | D:2      | Reached skill level 1 in Earth Magic
  2225 | D:2      | Reached skill level 1 in Poison Magic
  2231 | D:2      | Learned a level 4 spell: Animate Armour
  2451 | D:2      | Reached XP level 5. HP: 34/40 MP: 9/9
  2661 | D:2      | Found Rozow's Magic Scroll Boutique.
  2863 | D:2      | Identified the +4 spear "Higefi" {vorpal, rF+ rC+}
  3365 | D:2      | Reached skill level 3 in Fighting
  3365 | D:2      | Reached skill level 3 in Axes
  3365 | D:2      | Reached skill level 3 in Armour
  4222 | D:3      | Found a snail-covered altar of Cheibriados.
  4234 | D:3      | Became a worshipper of Cheibriados the Contemplative
  4464 | D:4      | Noticed Natasha
  4469 | D:4      | Killed Natasha
  4578 | D:4      | Reached XP level 6. HP: 34/47 MP: 1/10
  4587 | D:4      | Reached skill level 2 in Invocations
  4737 | D:4      | Found a glowing drain.
  4743 | Sewer    | Entered a sewer
  4833 | Sewer    | Noticed a nameless horror
  4841 | Sewer    | HP: 11/47 [ball python (2)]
  4843 | Sewer    | Killed a nameless horror
  5212 | Sewer    | Reached * piety under Cheibriados
  5269 | Sewer    | Reached skill level 5 in Throwing
  5460 | Sewer    | Reached skill level 2 in Short Blades
  5460 | Sewer    | Reached skill level 2 in Long Blades
  5460 | Sewer    | Reached skill level 2 in Maces & Flails
  5460 | Sewer    | Reached skill level 2 in Polearms
  5460 | Sewer    | Reached skill level 2 in Staves
  5460 | Sewer    | Reached skill level 2 in Slings
  5460 | Sewer    | Reached skill level 2 in Bows
  5460 | Sewer    | Reached skill level 2 in Crossbows
  5460 | Sewer    | Reached skill level 2 in Dodging
  5460 | Sewer    | Reached skill level 2 in Stealth
  5460 | Sewer    | Reached skill level 2 in Shields
  5460 | Sewer    | Reached skill level 2 in Unarmed Combat
  5460 | Sewer    | Reached skill level 2 in Evocations
  5800 | Sewer    | HP: 11/47 [kobold/+0 short sword (1)]
  5801 | Sewer    | HP: 3/47 [kobold brigand/+0 dagger (5)]
  5803 | Sewer    | HP: 1/47 [kobold/+0 short sword (2)]
  5811 | Sewer    | Reached XP level 7. HP: 20/52 MP: 12/12
  6056 | Sewer    | Reached ** piety under Cheibriados
  6564 | D:4      | Found a radiant altar of Vehumet.
  6565 | D:4      | Noticed Natasha
  6706 | D:4      | Noticed Robin
  6723 | D:4      | Killed Robin
  7438 | D:5      | Entered Level 5 of the Dungeon
  7491 | D:5      | Reached *** piety under Cheibriados
  7492 | D:5      | Reached skill level 2 in Conjurations
  7492 | D:5      | Reached skill level 2 in Hexes
  7492 | D:5      | Reached skill level 2 in Necromancy
  7492 | D:5      | Reached skill level 2 in Translocations
  7492 | D:5      | Reached skill level 2 in Transmutations
  7492 | D:5      | Reached skill level 2 in Fire Magic
  7492 | D:5      | Reached skill level 2 in Ice Magic
  7492 | D:5      | Reached skill level 2 in Air Magic
  7492 | D:5      | Reached skill level 2 in Earth Magic
  7492 | D:5      | Reached skill level 2 in Poison Magic
  7567 | D:5      | Found a staircase to the Ecumenical Temple.
  7585 | D:5      | Found Wohy's Jewellery Shoppe.
  7797 | D:5      | Found a shimmering altar of Xom.
  7798 | D:5      | Found a bloodstained altar of Trog.
  7970 | D:5      | Found a bloodstained altar of Trog.
  8138 | D:5      | Reached skill level 4 in Spellcasting
  8138 | D:5      | Reached skill level 3 in Invocations
  8176 | D:5      | Found a shimmering blue altar of Sif Muna.
  8348 | D:5      | Found a burning altar of Makhleb.
  8348 | D:5      | Noticed a balrug
  8351 | D:5      | Noticed an orange demon
  8351 | D:5      | Noticed a ynoxinul
  8560 | D:6      | Noticed Maggie
  8580 | D:6      | HP: 12/53 [Maggie/bolt of fire (6)]
  8581 | D:6      | Killed Maggie
  8582 | D:6      | Reached skill level 4 in Fighting
  8582 | D:6      | Reached skill level 3 in Short Blades
  8582 | D:6      | Reached skill level 3 in Long Blades
  8582 | D:6      | Reached skill level 4 in Axes
  8582 | D:6      | Reached skill level 3 in Maces & Flails
  8582 | D:6      | Reached skill level 3 in Polearms
  8582 | D:6      | Reached skill level 3 in Staves
  8582 | D:6      | Reached skill level 3 in Slings
  8582 | D:6      | Reached skill level 3 in Bows
  8582 | D:6      | Reached skill level 3 in Crossbows
  8582 | D:6      | Reached skill level 4 in Armour
  8582 | D:6      | Reached skill level 3 in Dodging
  8582 | D:6      | Reached skill level 3 in Stealth
  8582 | D:6      | Reached skill level 3 in Shields
  8582 | D:6      | Reached skill level 3 in Unarmed Combat
  8582 | D:6      | Reached skill level 3 in Evocations
  8582 | D:6      | Reached XP level 8. HP: 13/60 MP: 10/14
  8864 | D:6      | Noticed Grinder
  8874 | D:6      | Killed Grinder
  8947 | D:6      | You add the spells Gell's Gravitas, Teleport Other and
                  | Dispersal to your library.
  9004 | D:6      | Noticed Sigmund
  9018 | D:6      | Killed Sigmund
  9019 | D:6      | Reached skill level 3 in Conjurations
  9019 | D:6      | Reached skill level 3 in Hexes
  9019 | D:6      | Reached skill level 3 in Necromancy
  9019 | D:6      | Reached skill level 3 in Translocations
  9019 | D:6      | Reached skill level 3 in Transmutations
  9019 | D:6      | Reached skill level 3 in Fire Magic
  9019 | D:6      | Reached skill level 3 in Ice Magic
  9019 | D:6      | Reached skill level 3 in Air Magic
  9019 | D:6      | Reached skill level 3 in Earth Magic
  9019 | D:6      | Reached skill level 3 in Poison Magic
  9019 | D:6      | Reached skill level 4 in Invocations
  9271 | D:6      | Reached skill level 6 in Throwing
  9345 | D:6      | You pick up a book of the Moon and begin reading...
  9345 | D:6      | You add the spells Passage of Golubria, Silence and
                  | Lehudib's Crystal Spear to your library.
  9420 | D:6      | Learned a level 4 spell: Passage of Golubria
  9479 | D:7      | Noticed a troll
  9488 | D:7      | Reached XP level 9. HP: 48/66 MP: 2/16
  9491 | D:7      | Killed a troll
  9499 | D:7      | Reached skill level 4 in Short Blades
  9499 | D:7      | Reached skill level 4 in Long Blades
  9499 | D:7      | Reached skill level 4 in Maces & Flails
  9499 | D:7      | Reached skill level 4 in Polearms
  9499 | D:7      | Reached skill level 4 in Staves
  9499 | D:7      | Reached skill level 4 in Slings
  9499 | D:7      | Reached skill level 4 in Bows
  9499 | D:7      | Reached skill level 4 in Crossbows
  9499 | D:7      | Reached skill level 4 in Dodging
  9499 | D:7      | Reached skill level 4 in Stealth
  9499 | D:7      | Reached skill level 4 in Shields
  9499 | D:7      | Reached skill level 4 in Unarmed Combat
  9499 | D:7      | Reached skill level 4 in Evocations
  9504 | D:7      | Reached skill level 5 in Spellcasting
  9671 | D:7      | Found an ancient bone altar of Kikubaaqudgha.
  9696 | D:7      | Reached skill level 5 in Fighting
  9696 | D:7      | Reached skill level 5 in Axes
  9696 | D:7      | Reached skill level 5 in Armour
  9696 | D:7      | Reached skill level 8 in Summonings
  9701 | D:7      | Reached **** piety under Cheibriados
 10386 | D:8      | Noticed a troll
 10391 | D:8      | Identified 2 scrolls of acquirement
 10392 | D:8      | Acquired 558 gold pieces
 10393 | D:8      | Acquired the ring "Sotsior" {AC+4 Int+2}
 10750 | D:8      | Reached skill level 5 in Invocations
 10889 | D:8      | Killed a troll
 11170 | D:8      | Reached XP level 10. HP: 73/74 MP: 18/18
 11180 | D:8      | Reached skill level 4 in Conjurations
 11180 | D:8      | Reached skill level 4 in Hexes
 11180 | D:8      | Reached skill level 4 in Necromancy
 11180 | D:8      | Reached skill level 4 in Translocations
 11180 | D:8      | Reached skill level 4 in Transmutations
 11180 | D:8      | Reached skill level 4 in Fire Magic
 11180 | D:8      | Reached skill level 4 in Ice Magic
 11180 | D:8      | Reached skill level 4 in Air Magic
 11180 | D:8      | Reached skill level 4 in Earth Magic
 11180 | D:8      | Reached skill level 4 in Poison Magic
 11231 | D:8      | Noticed a cyan ugly thing
 11259 | D:8      | Killed a red ugly thing
 11260 | D:8      | Reached skill level 5 in Short Blades
 11260 | D:8      | Reached skill level 5 in Long Blades
 11260 | D:8      | Reached skill level 5 in Maces & Flails
 11260 | D:8      | Reached skill level 5 in Polearms
 11260 | D:8      | Reached skill level 5 in Staves
 11260 | D:8      | Reached skill level 5 in Slings
 11260 | D:8      | Reached skill level 5 in Bows
 11260 | D:8      | Reached skill level 5 in Crossbows
 11260 | D:8      | Reached skill level 5 in Dodging
 11260 | D:8      | Reached skill level 5 in Stealth
 11260 | D:8      | Reached skill level 5 in Shields
 11260 | D:8      | Reached skill level 5 in Unarmed Combat
 11260 | D:8      | Reached skill level 5 in Evocations
 11276 | D:8      | HP: 12/76 [yak (10)]
 11343 | D:8      | Reached ***** piety under Cheibriados
 11703 | D:8      | Reached skill level 7 in Throwing
 11703 | D:8      | Reached skill level 6 in Spellcasting
 12249 | D:8      | Noticed a nameless horror
 12263 | D:8      | Killed a nameless horror
 12643 | D:9      | Noticed a nameless horror
 12824 | D:8      | Killed a nameless horror
 12876 | D:8      | Reached skill level 6 in Fighting
 12876 | D:8      | Reached skill level 6 in Axes
 12876 | D:8      | Reached skill level 6 in Armour
 13079 | D:9      | Reached skill level 6 in Invocations
 13096 | D:9      | Gained mutation: Your muscles are strong. (Str +2) [potion
                  | of mutation]
 13096 | D:9      | Gained mutation: You expend magic power (3 MP) to
                  | strengthen your wands. [potion of mutation]
 13147 | D:9      | Identified the +2 dagger of Termination {freeze, Int+4}
 13415 | D:10     | Entered Level 10 of the Dungeon
 13415 | D:10     | Noticed Urug
 13418 | D:10     | Killed Urug
 13452 | D:10     | HP: 18/77 [troll (9)]
 13458 | D:10     | Reached XP level 11. HP: 20/83 MP: 5/20
 13665 | D:10     | Noticed a nameless horror
 13673 | D:10     | Killed a nameless horror
 13922 | D:10     | Found a staircase to the Orcish Mines.
 13962 | D:10     | HP: 18/83 [orc warrior/+0 trident (6)]
 13967 | D:10     | Reached skill level 6 in Short Blades
 13967 | D:10     | Reached skill level 6 in Long Blades
 13967 | D:10     | Reached skill level 6 in Maces & Flails
 13967 | D:10     | Reached skill level 6 in Polearms
 13967 | D:10     | Reached skill level 6 in Staves
 13967 | D:10     | Reached skill level 6 in Slings
 13967 | D:10     | Reached skill level 6 in Bows
 13967 | D:10     | Reached skill level 6 in Crossbows
 13967 | D:10     | Reached skill level 6 in Dodging
 13967 | D:10     | Reached skill level 6 in Stealth
 13967 | D:10     | Reached skill level 6 in Shields
 13967 | D:10     | Reached skill level 6 in Unarmed Combat
 13967 | D:10     | Reached skill level 6 in Evocations
 13995 | D:10     | HP: 12/83 [orc priest/nerve-wracking pain (14)]
 14351 | D:10     | Noticed Lodul
 14352 | D:10     | Noticed a two-headed ogre
 14352 | D:10     | Noticed a two-headed ogre
 14352 | D:10     | Noticed a two-headed ogre
 14352 | D:10     | Noticed a two-headed ogre
 14358 | D:10     | Reached skill level 5 in Conjurations
 14358 | D:10     | Reached skill level 5 in Hexes
 14358 | D:10     | Reached skill level 5 in Necromancy
 14358 | D:10     | Reached skill level 5 in Translocations
 14358 | D:10     | Reached skill level 5 in Transmutations
 14358 | D:10     | Reached skill level 5 in Fire Magic
 14358 | D:10     | Reached skill level 5 in Ice Magic
 14358 | D:10     | Reached skill level 5 in Air Magic
 14358 | D:10     | Reached skill level 5 in Earth Magic
 14358 | D:10     | Reached skill level 5 in Poison Magic
 14362 | D:10     | Killed Lodul
 14372 | D:10     | Killed a two-headed ogre
 14373 | D:10     | Killed a two-headed ogre
 14374 | D:10     | Killed a two-headed ogre
 14375 | D:10     | Reached skill level 7 in Spellcasting
 14375 | D:10     | Reached skill level 9 in Summonings
 14375 | D:10     | Reached skill level 7 in Invocations
 14375 | D:10     | Killed a two-headed ogre
 14376 | D:10     | Reached skill level 7 in Fighting
 14376 | D:10     | Reached skill level 7 in Axes
 14376 | D:10     | Reached skill level 8 in Throwing
 14376 | D:10     | Reached skill level 7 in Armour
 15010 | D:11     | Found a transporter.
 15011 | D:11     | Identified the +5 great mace of Lempehia {freeze, *Rage
                  | rPois rN+ Dex+8}
 15011 | D:11     | Noticed a two-headed ogre
 15011 | D:11     | Noticed quinnr's ghost (journeyman TeAE)
 15011 | D:11     | Noticed a two-headed ogre
 15012 | D:11     | Noticed a two-headed ogre
 15012 | D:11     | Noticed a two-headed ogre
 15093 | D:11     | Found a transporter.
 15099 | D:11     | Noticed a two-headed ogre
 15110 | D:11     | Killed a two-headed ogre
 15400 | D:11     | Noticed a cyclops
 15409 | D:11     | Killed a cyclops
 15529 | D:11     | Found a glowing silver altar of Zin.
 15832 | D:12     | Noticed a cyclops
 15842 | D:12     | Killed a cyclops
 16030 | D:12     | Noticed Fannar
 16042 | D:12     | Killed Fannar
 16043 | D:12     | Reached XP level 12. HP: 91/91 MP: 20/23
 16076 | D:12     | Reached ****** piety under Cheibriados
 16077 | D:12     | Reached skill level 7 in Short Blades
 16077 | D:12     | Reached skill level 7 in Long Blades
 16077 | D:12     | Reached skill level 7 in Maces & Flails
 16077 | D:12     | Reached skill level 7 in Polearms
 16077 | D:12     | Reached skill level 7 in Staves
 16077 | D:12     | Reached skill level 7 in Slings
 16077 | D:12     | Reached skill level 7 in Bows
 16077 | D:12     | Reached skill level 7 in Crossbows
 16077 | D:12     | Reached skill level 7 in Dodging
 16077 | D:12     | Reached skill level 7 in Stealth
 16077 | D:12     | Reached skill level 7 in Shields
 16077 | D:12     | Reached skill level 7 in Unarmed Combat
 16077 | D:12     | Reached skill level 7 in Evocations
 16150 | D:12     | Noticed a two-headed ogre
 16160 | D:12     | Killed a two-headed ogre
 16384 | D:12     | Reached skill level 6 in Conjurations
 16384 | D:12     | Reached skill level 6 in Hexes
 16384 | D:12     | Reached skill level 6 in Necromancy
 16384 | D:12     | Reached skill level 6 in Translocations
 16384 | D:12     | Reached skill level 6 in Transmutations
 16384 | D:12     | Reached skill level 6 in Fire Magic
 16384 | D:12     | Reached skill level 6 in Ice Magic
 16384 | D:12     | Reached skill level 6 in Air Magic
 16384 | D:12     | Reached skill level 6 in Earth Magic
 16384 | D:12     | Reached skill level 6 in Poison Magic
 16384 | D:12     | Noticed a two-headed ogre
 16393 | D:12     | Killed a two-headed ogre
 16505 | D:12     | Reached skill level 8 in Invocations
 16778 | D:12     | Found Samaivuc's Neck Hole.
 16990 | D:13     | Noticed a two-headed ogre
 16995 | D:13     | Killed a two-headed ogre
 16996 | D:13     | Reached skill level 8 in Spellcasting
 17071 | D:13     | Noticed a two-headed ogre
 17073 | D:13     | Killed a two-headed ogre
 17074 | D:13     | Reached skill level 8 in Fighting
 17074 | D:13     | Reached skill level 8 in Axes
 17074 | D:13     | Reached skill level 8 in Armour
 17499 | D:13     | Noticed a death knight
 17503 | D:13     | Killed a death knight
 17504 | D:13     | Reached skill level 9 in Throwing
 17559 | D:13     | HP: 22/92 [skeletal warrior/+0 halberd (8)]
 17900 | D:13     | Noticed a death knight
 17910 | D:13     | Killed a death knight
 18262 | D:13     | Noticed a vault guard
 18263 | D:13     | Reached XP level 13. HP: 89/98 MP: 25/25
 18280 | D:13     | Killed a vault guard
 18283 | D:13     | Reached skill level 8 in Short Blades
 18283 | D:13     | Reached skill level 8 in Long Blades
 18283 | D:13     | Reached skill level 8 in Maces & Flails
 18283 | D:13     | Reached skill level 8 in Polearms
 18283 | D:13     | Reached skill level 8 in Staves
 18283 | D:13     | Reached skill level 8 in Slings
 18283 | D:13     | Reached skill level 8 in Bows
 18283 | D:13     | Reached skill level 8 in Crossbows
 18283 | D:13     | Reached skill level 8 in Dodging
 18283 | D:13     | Reached skill level 8 in Stealth
 18283 | D:13     | Reached skill level 8 in Shields
 18283 | D:13     | Reached skill level 8 in Unarmed Combat
 18283 | D:13     | Reached skill level 8 in Evocations
 18813 | D:13     | HP: 11/99 [tengu warrior/+0 glaive[a tengu conjurer] (15)]
 19443 | D:13     | Found a gate to the Vaults.
 19604 | D:14     | Mangled by an enormous slime creature

Vanquished Creatures
  A vault guard (D:13)
  Fannar (D:12)
  4 two-headed ogres
  A tengu warrior (D:13)
  Lodul (D:10)
  An ugly thing (D:8)
  An unseen horror (shapeshifter) (D:13)
  A gargoyle (D:11)
  Maggie (D:6)
  An unseen horror (D:13)
  5 nameless horrors
  2 trolls
  A meliai (D:13)
  4 slime creatures (D:12)
  Grinder (D:6)
  A vampire (D:12)
  Sigmund (D:6)
  2 wraiths (D:13)
  A wyvern (D:11)
  5 yaks
  2 steam dragons
  3 vampire mosquitoes (D:12)
  An acid dragon (D:8)
  A water moccasin (D:9)
  4 orc warriors
  A meliai simulacrum (D:12)
  A sky beast (D:8)
  3 ogres
  5 centaurs
  2 kobold brigands
  3 bullfrogs
  A gnoll sergeant (D:7)
  A scorpion (D:5)
  A killer bee (D:8)
  8 howler monkeys
  2 jellies
  2 hounds (D:7)
  4 orc priests
  3 iguanas
  Natasha (D:4)
  12 orc wizards
  A centaur simulacrum (D:9)
  12 gnolls
  7 river rats
  8 adders
  4 white imps
  An ufetubus (D:7)
  A worm (D:3)
  2 dart slugs
  25 orcs
  11 ball pythons
  A bat (D:1)
  5 endoplasms
  2 giant cockroaches
  11 goblins
  7 hobgoblins
  4 jackals
  2 quokkas
  23 kobolds
  14 rats
238 creatures vanquished.

Vanquished Creatures (collateral kills)
  2 death knights (D:13)
  A centaur warrior (D:13)
  5 two-headed ogres
  Urug (D:10)
  A tengu warrior (D:13)
  3 skeletal warriors (D:13)
  A deep elf pyromancer (D:12)
  2 cyclopes
  2 manticores (D:13)
  A gargoyle (D:13)
  An unseen horror (D:12)
  A tengu conjurer (D:13)
  3 trolls
  A hornet (D:8)
  A slime creature (D:12)
  A tarantella (shapeshifter) (D:13)
  A shadow (D:10)
  A wyvern (D:8)
  4 yaks
  A vampire mosquito (D:12)
  A warg (D:10)
  A water moccasin (D:7)
  An orc warrior (D:7)
  A sky beast (D:8)
  An ogre (D:10)
  A wolf (D:9)
  A kobold brigand (Sewer)
  A gnoll sergeant (D:8)
  6 killer bees (D:8)
  2 howler monkeys
  A hound (D:7)
  Jessica (D:2)
  An orc wizard (D:7)
  An iguana (D:2)
  Robin (D:4)
  4 gnolls
  An adder (D:2)
  A river rat (Sewer)
  An ufetubus (D:9)
  A worm (D:2)
  3 dart slugs
  6 orcs
  3 ball pythons
  2 endoplasms
  A giant cockroach (D:1)
  4 goblins
  4 hobgoblins
  A jackal (D:1)
  2 quokkas
  A frilled lizard (D:1)
  4 kobolds
  4 rats (Sewer)
98 creatures vanquished.

Vanquished Creatures (others)
  A centaur (D:13)
  A white imp (D:9)
  A kobold (Sewer)
3 creatures vanquished.

Grand Total: 339 creatures vanquished

Table legend:
 A = Non-vault XP
 B = Vault XP
 C = Vault XP percentage of total XP
 D = Non-vault monster count
 E = Vault monster count
 F = Vault count percentage of total count
                 A         B        C        D         E       F
            +---------+---------+-------+---------+---------+-------
      Total |   19675 |   17876 |  47.6 |     199 |     134 |  40.2
            +---------+---------+-------+---------+---------+-------
        D:1 |      56 |       0 |   0.0 |      21 |       0 |   0.0
        D:2 |     133 |      51 |  27.7 |      18 |       3 |  14.3
        D:3 |      38 |       5 |  11.6 |      11 |       1 |   8.3
        D:4 |      79 |      88 |  52.7 |      16 |      16 |  50.0
        D:5 |     321 |      82 |  20.3 |      12 |       2 |  14.3
        D:6 |     268 |     895 |  77.0 |      11 |       3 |  21.4
        D:7 |    1203 |       0 |   0.0 |      19 |       0 |   0.0
        D:8 |     969 |    2261 |  70.0 |      19 |      19 |  50.0
        D:9 |     416 |     757 |  64.5 |       3 |       8 |  72.7
       D:10 |    1191 |    5713 |  82.7 |      20 |      23 |  53.5
       D:11 |    2759 |       0 |   0.0 |      14 |       0 |   0.0
       D:12 |    6534 |     886 |  11.9 |      21 |       1 |   4.5
       D:13 |    5708 |    6808 |  54.4 |      14 |      12 |  46.2
      Sewer |       0 |     330 | 100.0 |       0 |      46 | 100.0
            +---------+---------+-------+---------+---------+-------

Illustrated notes

Table legend:
 A = Kills in this place as a percentage of kills in entire the game.
 B = Kills by you in this place as a percentage of kills by you in the entire game.
 C = Kills by friends in this place as a percentage of kills by friends in the entire game.
 D = Other kills in this place as a percentage of other kills in the entire game.
 E = Experience gained in this place as a percentage of experience gained in the entire game.
 F = Experience gained in this place divided by the number of levels of this place that you have seen.
                   A       B       C       D       E      F
               +-------+-------+-------+-------+-------+----------------------
         Total | 100.0 | 100.0 | 100.0 | 100.0 | 100.0 | 2503.4
       Dungeon |  86.2 |  85.0 |  89.8 |  50.0 |  99.1 | 2658.6
         Sewer |  13.8 |  15.0 |  10.2 |  50.0 |   0.9 | 330.0
               +-------+-------+-------+-------+-------+----------------------

Table legend: (Time is in decaauts)
 A = Elapsed time spent in this place.
 B = Non-inter-level travel time spent in this place.
 C = Inter-level travel time spent in this place.
 D = Time resting spent in this place.
 E = Time spent auto-exploring this place.
 F = Levels seen in this place.
 G = Mean time per level.
                   A        B        C        D        E       F      G
               +--------+--------+--------+--------+--------+-----+--------+
         Total |  24405 |  23590 |    815 |   4106 |  16487 |  15 | 1627.0 |
       Dungeon |  22701 |  21886 |    815 |   3734 |  15483 |  14 | 1621.5 |
         Sewer |   1704 |   1704 |      0 |    371 |   1003 |   1 | 1704.0 |
               +--------+--------+--------+--------+--------+-----+--------+

Top non-repeatable levels by time:
     D:8: 3621 daAuts
    D:13: 3452 daAuts
     D:1: 2158 daAuts
    D:10: 1934 daAuts
     D:4: 1738 daAuts
   Sewer: 1704 daAuts
     D:5: 1620 daAuts
     D:2: 1545 daAuts
    D:11: 1532 daAuts
    D:12: 1370 daAuts
     D:6: 1173 daAuts
     D:3: 1031 daAuts
     D:7: 935 daAuts
     D:9: 526 daAuts
    D:14: 58 daAuts
